 Dungeon Crawl Stone Soup version 0.31-a0-986-g5e6e4ef867 (webtiles) character file.

Game seed: 11161134696943180710

4270 ragingrage the Carver (level 10, -13/59 HPs)
             Began as a Tengu Warper on Nov 4, 2023.
             Was an Initiate of Gozag.
             Mangled by Maggie
             ... wielding a +0 heavy long sword
              (22 damage)
             ... on level 8 of the Dungeon.
             The game lasted 00:08:47 (5655 turns).

ragingrage the Carver (Tengu Warper)                Turns: 5655, Time: 00:08:47

Health: -13/59     AC:  7    Str:  6    XL:     10   Next: 31%
Magic:  14/14      EV: 14    Int: 18    God:    Gozag
Gold:   982        SH:  0    Dex: 16    Spells: 10/13 levels left

rFire   . . .        t - +12 hand axe of Certain Death {flame, rElec rC+ Str-5}
rCold   + . .        (no shield)
rNeg    + . .        o - +1 ring mail of Music {+Inv rPois Will- Regen+}
rPois   +            (helmet restricted)
rElec   +            (no cloak)
rCorr   .            w - +0 pair of gloves
SInv    .            (boots unavailable)
Will    .....        (no amulet)
Stlth   +            C - ring of positive energy
HPRegen 1.09/turn    h - ring of poison resistance
MPRegen 0.14/turn

%: acrobat
@: mighty, gold aura, attractive, flying, mesmerised
A: beak, talons 3, evasive flight, acrobatic, clever 1, deterioration 1
a: Renounce Religion, Evoke Invisibility, Potion Petition, Call Merchant, Bribe
Branch


You were on level 8 of the Dungeon.
You worshipped Gozag.
Gozag was pleased with you.
You visited 1 branch of the dungeon, and saw 9 of its levels.

You collected 1026 gold pieces.
You paid 44 gold pieces to Gozag.

Inventory:

Hand Weapons
 a - a +0 long sword
 t - the +12 hand axe of Certain Death (weapon) {flame, rElec rC+ Str-5}
   (You found it on level 2 of the Dungeon)

   Str-5:     It affects your strength (-5).
   rC+:       It protects you from cold.
   rElec:     It insulates you from electricity.
 A - a +0 falchion of electrocution
 B - the +1 falchion of the Asp {vamp, +Blink rPois rN+ SInv}
   (You found it on level 4 of the Dungeon)

   rPois:     It protects you from poison rN+: It protects you from negative
   energy.
   SInv:      It lets you see invisible.
   +Blink:    It lets you blink.
 J - a +0 shortbow
Missiles
 d - 11 darts of dispersal (quivered)
 e - 6 javelins
 i - 35 poisoned darts
 I - 5 datura-tipped darts
 M - 3 curare-tipped darts
Armour
 o - the +1 ring mail of Music (worn) {+Inv rPois Will- Regen+}
   (You found it on level 2 of the Dungeon)

   rPois:     It protects you from poison Will-: It decreases your willpower.
   +Inv:      It lets you turn invisible.
   Regen+:    It increases your rate of health regeneration.
 w - a +0 pair of gloves (worn)
 O - a +2 leather armour of fire resistance
Magical Staves
 N - the staff of the Chain {rN++ Int+2 Dex-5 Conj}
   (You found it on level 7 of the Dungeon)

   [staff of conjuration]

   Base accuracy: +5 Base damage: 5 Base attack delay: 1.2 This weapon's minimum
   attack delay (0.6) is reached at skill level 12.
   Int+2:     It affects your intelligence (+2).
   Dex-5:     It affects your dexterity (-5).
   rN++:      It greatly protects you from negative energy.
   Conj:      It increases the power of your Conjurations spells.
   It falls into the 'Staves' category.
   It is a one-handed weapon.
Jewellery
 h - a ring of poison resistance (right hand)
 C - a ring of positive energy (left hand)
 G - a ring of ice
Talismans
 j - the maw talisman of the Invisible Hand {rC+ Str+3 Int-3}
   (You found it on level 8 of the Dungeon)

   [maw talisman]

   Str+3:     It affects your strength (+3).
   Int-3:     It affects your intelligence (-3).
   rC+:       It protects you from cold.
 x - a talisman of death
 y - a granite talisman
Wands
 P - a wand of flame (20)
Scrolls
 b - a scroll of identify
 c - a scroll of blinking
 g - 3 scrolls of teleportation
 m - a scroll of noise
 n - a scroll of revelation {unknown}
 p - 2 scrolls of vulnerability
 s - 2 scrolls of fog
 u - 3 scrolls of poison
 v - 2 scrolls of fear
 H - a scroll of enchant armour {unknown}
 K - 2 scrolls of enchant weapon
Potions
 f - 2 potions of enlightenment
 q - a potion of heal wounds
 z - 2 potions of curing
 F - a potion of haste {unknown}
 L - a potion of brilliance {unknown}


   Skills:
 + Level 5.2 Fighting
 - Level 14.1 Long Blades
 - Level 1.0 Throwing
 - Level 1.1 Armour
 + Level 2.7 Dodging
 - Level 2.0 Spellcasting
 + Level 2.7 Translocations
 + Level 5.3 Air Magic
 + Level 1.1 Evocations


You had 10 spell levels left.
You knew the following spells:

 Your Spells              Type           Power      Damage    Failure   Level
a - Swiftness             Air            21%        N/A       24%         3

Your spell library contained the following spells:

 Spells                   Type           Power      Damage    Failure   Level
 Shock                    Conj/Air       44%        1d5       24%         1
 Blink                    Tloc           22%        N/A       34%         2
 Lesser Beckoning         Tloc           22%        N/A       34%         2
 Cigotuvi's Dreadful Rot  Necr/Pois/Air  16%        N/A       45%         2
 Slow                     Hex            4%         N/A       56%         1
 Summon Small Mammal      Summ           4%         N/A       56%         1
 Teleport Other           Tloc           11%        N/A       56%         3
 Ensorcelled Hibernation  Hex/Ice        2%         N/A       71%         2
 Passwall                 Tmut/Erth      0%         N/A       71%         2
 Volatile Blastmotes      Fire/Tloc      12%        2d11      77%         3
 Vhi's Electric Charge    Tloc/Air       32%        N/A       80%         4
 Dazzling Flash           Conj/Hex       2%         N/A       91%         3
 Ignite Poison            Fire/Tmut/Pois 1%         N/A       91%         3
 Manifold Assault         Tloc           11%        N/A       92%         4
 Sticky Flame             Conj/Fire      1%         2d3       100%        4
 Freezing Cloud           Conj/Ice/Air   4%         6-21      100%        5
 Starburst                Conj/Fire      0%         6d3       100%        6
 Ignition                 Fire           0%         3d3       100%        8
 Maxwell's Capacitive Co  Air            10%        ∞         100%        8


Dungeon Overview and Level Annotations

Branches:
Dungeon (9/15)             Temple (0/1) D:7             Orc (0/2) D:9
   Lair: D:8-11

Altars:
Ashenzari
Gozag
Hepliaklqana
Kikubaaqudgha
Uskayaw
Xom

Annotations:
D:8 1 exclusion, Maggie


Innate Abilities, Weirdness & Mutations

You have a beak for a mouth.
You have claws for feet.
Your magical flight helps you evade attacks. (EV +4)
You can magically evade attacks while moving or waiting.
Your mind is acute. (Int +4, Str/Dex -1)
Your body sometimes deteriorates upon taking damage.


Message History

You closely miss Maggie.
You are engulfed in a cloud of scalding steam.
The steam dragon barely misses you. The steam dragon claws you.
Maggie mumbles the words to a spell, but in the wrong order.
Maggie barely misses you.
You slash the steam dragon! You burn the steam dragon.
You kill the steam dragon!
You hit Maggie. You burn Maggie.
You are engulfed in a cloud of scalding steam.
Maggie closely misses you.
A goblin comes into view. It is wielding a +0 spear.
You hit Maggie but do no damage. You claw Maggie. Your peck misses Maggie.
Maggie closely misses you.
You feel much better.
A goblin comes into view. It is wielding a +0 spear.
Maggie hits you with a +0 heavy long sword.
It was a potion of mutation.
You feel extremely strange.
You feel clever.
You feel yourself wasting away.
It was a potion of magic.
Magic courses through your body.
Maggie gestures wildly while chanting.
Maggie draws you further into her thrall.
It was a potion of attraction.
You feel attractive to monsters.
Maggie hits you with a +0 heavy long sword!
The goblin is attracted toward you. x2
It was a potion of might.
You feel very mighty all of a sudden.
The goblin splashes around in the water.
Maggie casts a spell at you. The bolt of fire hits you!!
You slash Maggie! You burn Maggie. Your kick misses Maggie.
You slash the goblin! You burn the goblin.
You kill the goblin!
You hear a splash.
You are engulfed in a cloud of scalding steam.
* * * LOW HITPOINT WARNING * * *
The goblin is distracted by your dazzling golden aura.
Maggie hits you with a +0 heavy long sword!!
You die...
Your body crumbles into a pile of gold.

###. ##... #..~~ #..~#
#####..~# #......g#
####.....@$#
#####..#.....$@#####~.
#......#####..§§~~≈~~. #
#......#####..§.§.....
.##.#.#..##...##........
#...#.#.......##........
#.....###...............
##.##.####..............
.......#####....[....[..
#.).....#...............


You could see Maggie (mesmerising) and a goblin (unaware).

Vanquished Creatures
  Grinder (D:4)
  2 shadows (D:9)
  A wyvern (D:7)
  A steam dragon (D:8)
  Menkaure (D:4)
  2 water moccasins
  An orc warrior (D:7)
  3 sky beasts
  4 centaurs
  2 ogres
  2 phantoms
  5 bullfrogs
  4 kobold brigands
  4 scorpions
  5 wights (D:7)
  5 killer bees (D:9)
  3 howler monkeys (D:9)
  4 hounds
  5 orc priests
  A gnoll bouda (D:8)
  2 iguanas
  2 sleepcaps
  4 orc wizards
  4 gnolls (D:8)
  8 adders
  2 worms
  4 dart slugs
  23 orcs
  5 ball pythons
  4 bats
  6 endoplasms
  2 giant cockroaches (D:4)
  5 goblins
  6 hobgoblins
  19 kobolds
  3 quokkas
  A frilled lizard (D:2)
  5 rats
161 creatures vanquished.

Notes
Turn   | Place    | Note
-------+----------+-------------------------------------------
     0 | D:1      | ragingrage the Tengu Warper began the quest for the Orb.
     0 | D:1      | Reached XP level 1. HP: 12/12 MP: 4/4
    99 | D:1      | Reached skill level 3 in Long Blades
    99 | D:1      | Reached XP level 2. HP: 17/17 MP: 6/6
   534 | D:2      | Identified the of Bifu Ala
   538 | D:2      | Reached XP level 3. HP: 17/21 MP: 7/7
   824 | D:2      | Learned a level 3 spell: Swiftness
   867 | D:2      | Reached skill level 4 in Long Blades
   878 | D:2      | Reached skill level 1 in Air Magic
   884 | D:2      | Identified the +1 ring mail of Music {+Inv rPois Will-
                  | Regen+}
  1127 | D:2      | Reached XP level 4. HP: 26/26 MP: 8/8
  1254 | D:2      | Identified the +12 hand axe of Certain Death {flame, rElec
                  | rC+ Str-5}
  1832 | D:3      | Reached XP level 5. HP: 30/30 MP: 9/9
  2194 | D:3      | Reached skill level 5 in Long Blades
  2272 | D:3      | Found a hazy altar of Hepliaklqana.
  2279 | D:3      | Found a hide-covered altar of Uskayaw.
  2280 | D:3      | Found an opulent altar of Gozag.
  2289 | D:3      | Found an ancient bone altar of Kikubaaqudgha.
  2295 | D:3      | Became a worshipper of Gozag Ym Sagoz the Greedy
  2384 | D:4      | Identified the +1 falchion of the Asp {vamp, +Blink rPois
                  | rN+ SInv}
  2461 | D:4      | Found a shimmering altar of Xom.
  2490 | D:4      | Noticed Menkaure
  2491 | D:4      | Killed Menkaure
  2492 | D:4      | Reached XP level 6. HP: 36/36 MP: 10/10
  2558 | D:4      | Noticed Grinder
  2570 | D:4      | Killed Grinder
  2571 | D:4      | Reached skill level 6 in Long Blades
  2571 | D:4      | Reached skill level 5 in Air Magic
  2571 | D:4      | Gained mutation: Your magical flight helps you evade
                  | attacks. (EV +4) [Tengu growth]
  2571 | D:4      | Reached XP level 7. HP: 37/42 MP: 11/11
  3031 | D:5      | Entered Level 5 of the Dungeon
  3516 | D:5      | Reached skill level 7 in Long Blades
  3647 | D:5      | Reached XP level 8. HP: 46/48 MP: 12/12
  3907 | D:5      | Reached skill level 5 in Fighting
  3988 | D:6      | Reached skill level 8 in Long Blades
  4079 | D:6      | Reached skill level 9 in Long Blades
  4125 | D:6      | Reached skill level 10 in Long Blades
  4242 | D:6      | Reached XP level 9. HP: 52/54 MP: 13/13
  4408 | D:7      | Reached skill level 11 in Long Blades
  4668 | D:7      | Identified the staff of the Chain {rN++ Int+2 Dex-5 Conj}
  4898 | D:7      | Reached skill level 12 in Long Blades
  4988 | D:7      | Found a staircase to the Ecumenical Temple.
  5152 | D:7      | Reached skill level 13 in Long Blades
  5194 | D:7      | You are sucked into a shaft and drop 2 floors!
  5212 | D:9      | Found a broken altar of Ashenzari.
  5320 | D:9      | Reached XP level 10. HP: 59/59 MP: 14/14
  5361 | D:9      | Reached skill level 14 in Long Blades
  5415 | D:9      | Found a staircase to the Orcish Mines.
  5575 | D:8      | Reached skill level 1 in Evocations
  5587 | D:8      | Identified the maw talisman of the Invisible Hand {rC+
                  | Str+3 Int-3}
  5642 | D:8      | Noticed Maggie
  5651 | D:8      | Gained mutation: Your mind is acute. (Int +4, Str/Dex -1)
                  | [potion of mutation]
  5651 | D:8      | Gained mutation: Your body sometimes deteriorates upon
                  | taking damage. [potion of mutation]
  5655 | D:8      | Mangled by Maggie

Illustrated notes

Levels and vault maps discovered:
D:1:      dpeg_arrival_windows_large_door, layout_rooms,
          kennysheep_decorative_pillar, minivault_27, minmay_tetromino_s2
D:2:      layout_basic, chequers_avenue
D:3:      layout_loops_ring, minitemple, grunt_ministairs_10,
          minmay_misc_feat_ornament, kennysheep_pointless_box
D:4:      layout_loops_ring, general_overflow_altar, uniq_grinder, uniq_menkaure
D:5:      layout_gridville
D:6:      layout_rooms
D:7:      minmay_skewed_foursquare, layout_basic, minmay_temple_entry_ruins,
          uniq_joseph
D:8:      layout_cave_pools, lemuel_crystal_altar, enter_bailey_3, uniq_maggie
D:9:      layout_roguey, ashenzari_conservatory_becter,
          minmay_orc_entry_temple_small

Skill      XL: |  1  2  3  4  5  6  7  8  9 10 |
---------------+-------------------------------+-----
Long Blades    | 3 4 5 6 7 10 13 14 | 14.1
Air Magic      | 1 3 4 5 |  5.3
Fighting       | 3 4 5 |  5.2
Evocations     | 1 |  1.1
Throwing       | |  1.0
Armour         | |  1.1
Dodging        | |  2.7
Spellcasting   | |  2.0
Translocations | |  2.7

Action                     |  1- 3 |  4- 6 |  7- 9 | 10-12 || total
---------------------------+-------+-------+-------+-------++-------
  Melee: Falchion          |    44 |       |       |       ||    44
         Kick              |    17 |    12 |    32 |    17 ||    78
         Peck              |     7 |     5 |    24 |     4 ||    40
         Punch             |     2 |     1 |     2 |       ||     5
         Long sword        |    20 |     9 |       |       ||    29
         Dagger            |    11 |       |       |       ||    11
         Hand axe          |       |    57 |   150 |    59 ||   266
    Use: Scroll            |       |       |       |    12 ||    12
         Potion            |       |       |       |     5 ||     5
   Stab: Sleeping          |     2 |       |       |       ||     2
         Distracted        |       |       |     1 |       ||     1
 Armour: Leather armour    |    22 |       |       |       ||    22
         Ring mail         |     6 |    36 |    93 |    49 ||   184
  Dodge: Dodged            |    50 |    32 |   142 |    57 ||   281

Table legend: (Time is in decaauts)
 A = Elapsed time spent in this place.
 B = Non-inter-level travel time spent in this place.
 C = Inter-level travel time spent in this place.
 D = Time resting spent in this place.
 E = Time spent auto-exploring this place.
 F = Levels seen in this place.
 G = Mean time per level.
                   A        B        C        D        E       F      G
               +--------+--------+--------+--------+--------+-----+--------+
         Total |   5745 |   5474 |    271 |    457 |   3816 |   9 |  638.3 |
       Dungeon |   5745 |   5474 |    271 |    457 |   3816 |   9 |  638.3 |
               +--------+--------+--------+--------+--------+-----+--------+

Top non-repeatable levels by time:
     D:5: 946 daAuts
     D:2: 931 daAuts
     D:3: 925 daAuts
     D:6: 692 daAuts
     D:4: 663 daAuts
     D:7: 563 daAuts
     D:1: 540 daAuts
     D:8: 245 daAuts
     D:9: 236 daAuts
